 Dungeon Crawl Stone Soup version 0.29.1-1-gd02db6906a (webtiles) character file.

Game seed: 16567989106287641669

16 MuMoEnjoyer the Sneak (level 2, -3/13 HPs)
             Began as a Spriggan Enchanter on Oct 17, 2022.
             Succumbed to their own poison gas
             ... on level 1 of the Dungeon.
             The game lasted 00:02:08 (1360 turns).

MuMoEnjoyer the Sneak (Spriggan Enchanter)          Turns: 1360, Time: 00:02:08

Health: -3/13      AC:  3    Str:  4    XL:     2   Next: 41%
Magic:  6/6        EV: 18    Int: 16    God:
Gold:   46         SH:  0    Dex: 15    Spells: 6/6 levels left

rFire   . . .      SeeInvis +   a - +1 dagger
rCold   . . .      Faith    .   (no shield)
rNeg    . . .      Spirit   .   b - +1 robe
rPois   .          Reflect  .   (helmet restricted)
rElec   .          Harm     .   (no cloak)
rCorr   .          Rampage  .   (gloves unavailable)
Will    .....                   (boots unavailable)
Stlth   +++.......              (no amulet)
HPRegen 0.04/turn               (no ring)
MPRegen 0.10/turn               (no ring)

@: lethally poisoned (-3 -> -31), very quick
A: very small, no large weapons, unfitting armour, see invisible, speed 3
a: no special abilities


You were on level 1 of the Dungeon.
You visited 1 branch of the dungeon, and saw 1 of its levels.

You collected 46 gold pieces.

Inventory:

Hand Weapons
 a - a +1 dagger (weapon)
Armour
 b - a +1 robe (worn)
Potions
 c - 2 potions of invisibility
 e - a potion of heal wounds {unknown}


   Skills:
 * Level 2.1 Short Blades
 * Level 3.5 Dodging
 - Level 4.4 Stealth
 - Level 2.6 Spellcasting
 - Level 3.6 Hexes


You had 6 spell levels left.
You didn't know any spells.
Your spell library contained the following spells:

 Spells                   Type           Power      Damage    Failure   Level
 Confusing Touch          Hex            13%        N/A       13%         3
 Tukima's Dance           Hex            13%        N/A       13%         3
 Ensorcelled Hibernation  Hex/Ice        14%        N/A       14%         2
 Dazzling Flash           Conj/Hex       14%        N/A       28%         3


Dungeon Overview and Level Annotations

Branches:
Dungeon (1/15)

Altars:


Innate Abilities, Weirdness & Mutations

You are very small and have problems with some larger weapons.
You are too small for most types of armour.
You have supernaturally acute eyesight. (SInv)
You cover ground extremely quickly. (Speed+++)


Message History

Done waiting.
You start waiting.
Done waiting.
You start waiting.
Done waiting.
A goblin comes into view. It is wielding a +0 dagger.
The helpless goblin fails to defend itself.
You impale the goblin!!
You kill the goblin!
No target in view!
You now have 46 gold pieces (gained 10).
A hobgoblin comes into view.
You closely miss the hobgoblin. The hobgoblin completely misses you.
You hit the hobgoblin. Your punch misses the hobgoblin.
The hobgoblin is almost dead.
You hit the hobgoblin.
You kill the hobgoblin!
No target in view!
You see here a hobgoblin corpse.
d - a scroll labelled RAOGAC TAEFOUL You see here a +0 dagger.
e - a brown potion The air fills with toxic fumes!
As you read the scroll labelled RAOGAC TAEFOUL, it crumbles to dust.
It was a scroll of poison.
Partly explored, can't reach some places.
Partly explored, can't reach some places.
Really walk into that cloud of poison gas? [Y]es or [N]o only, please.
Really walk into that cloud of poison gas?
Uppercase [Y]es or [N]o only, please.
Really walk into that cloud of poison gas?
You are engulfed in poison gas.
You are poisoned.
You feel sick.
You are engulfed in poison gas.
You are more poisoned.
* * * LOW HITPOINT WARNING * * *
You feel very sick.
You die...

#..........#....#.
###############.#.
#.........).....#.
#.#######.......#.
#.#.....#.#######.
#.#.###.#.#######.
#.#.# #.........#.
#.#.#####.#####.#.
#@#.......#.....#.
##§############..#.
#§§§.§§§§§.........
################...
#... #... #... #...
#...


There were no monsters in sight!

Vanquished Creatures
  4 ball pythons (D:1)
  A bat (D:1)
  3 endoplasms (D:1)
  A goblin (D:1)
  2 hobgoblins (D:1)
  2 kobolds (D:1)
13 creatures vanquished.

Notes
Turn   | Place    | Note
-------+----------+-------------------------------------------
     0 | D:1      | MuMoEnjoyer the Spriggan Enchanter began the quest for the
                  | Orb.
     0 | D:1      | Reached XP level 1. HP: 9/9 MP: 5/5
   458 | D:1      | Reached XP level 2. HP: 13/13 MP: 6/6
  1360 | D:1      | Succumbed to their own poison gas

Illustrated notes

Levels and vault maps discovered:
D:1:      scummos_arrival_forest, layout_basic

Skill      XL: |  1  2 |
---------------+-------+-----
Dodging        | 3 |  3.5
Short Blades   | 2 |  2.1
Stealth        | |  4.4
Spellcasting   | |  2.6
Hexes          | |  3.6

Action                   || total
-------------------------++-------
Melee: Dagger            ||    24
  Use: Scroll            ||     4
       Potion            ||     2
 Stab: Sleeping          ||     6
Armor: Robe              ||     1
Dodge: Dodged            ||     9
